AoeStats
← KRaL

Arabia

503129012Analyzed
1v1 RM · 2mo ago on Aug 30, 2026· 46m 38s· 2 players
Game mode
Random Map
Map size
Tiny (2 player)
Population
200
Speed
Normal
Resources
Standard
Victory
Conquest
Starting age
Dark Age
Ending age
Imperial Age
RankedLock teamsTeams togetherTeam positionsShared explorationLock speedFull tech treeHidden civsTurbo modeCheats
Victory
Defeat
🇩🇪 Mongols · Germany
1359
+18
vs
🇹🇷 Magyars · Türkiye
1399
-18
KRaL
6:06 Loom
9:04 Feudal Age
9:54 Double-Bit Axe
9:55 Man-at-Arms
22:49 Castle Age
21:39 Fletching
21:50 Padded Archer Armor
22:34 Gold Mining
22:27 Horse Collar
23:56 Bodkin Arrow
26:32 Wheelbarrow
25:42 Town Watch
27:18 Bow Saw
27:14 Husbandry
28:08 Bloodlines
33:11 Leather Archer Armor
34:20 Stone Mining
36:36 Ballistics
38:56 Elite Skirmisher
43:00 Imperial Age
41:24 Scale Barding Armor
42:51 Chain Barding Armor
43:44 Bracer
44:48 Chemistry
44:09 Light Cavalry
45:58 Ring Archer Armor
Tiger King
5:37 Loom
8:01 Feudal Age
8:45 Double-Bit Axe
16:14 Wheelbarrow
19:06 Castle Age
17:40 Scale Barding Armor
18:10 Bloodlines
18:21 Horse Collar
19:08 Forging
20:05 Bow Saw
24:41 Husbandry
26:59 Bow Saw
28:24 Fletching
31:42 Bodkin Arrow
31:56 Padded Archer Armor
33:57 Ballistics
36:32 Imperial Age
34:28 Leather Archer Armor
34:59 Heavy Plow
35:28 Thumb Ring
35:27 Gold Mining
36:51 Hand Cart
36:21 Town Watch
37:42 Conscription
38:25 Bracer
39:12 Elite Mangudai
43:04 Drill
42:07 Capped Ram
43:20 Siege Ram
43:43 Light Cavalry
44:43 Chain Barding Armor
44:59 Iron Casting
44:25 Hussar
Connection lost

Rejoining the realm…

Still unreachable

The connection could not be restored.

Session expired

The server has moved on; the page needs a fresh start.